 Dungeon Crawl Stone Soup version 0.17-a0-1635-gd4e48f1 (console) character file.

114 Monkaria the Conjurer (level 4, 0/24 HPs)
             Began as a Deep Elf Conjurer on Aug 5, 2015.
             Killed from afar by Natasha (9 damage)
             ... with a magic dart
             ... on level 2 of the Dungeon.
             The game lasted 00:02:56 (1761 turns).

Monkaria the Conjurer (Deep Elf Conjurer)           Turns: 1761, Time: 00:02:56

Health: 0/24       AC:  2    Str:  5    XL:     4   Next: 67%
Magic:  0/10       EV: 13    Int: 21    God:
Gold:   57         SH:  0    Dex: 15    Spells: 2 memorised, 6 levels left

rFire  . . .     SeeInvis .     (no weapon)
rCold  . . .     Clarity  .     a - +0 robe
rNeg   . . .     SustAt   .     (no shield)
rPois  .         Gourm    .     (no helmet)
rElec  .         Spirit   .     (no cloak)
rCorr  .         Warding  .     (no gloves)
rMut   .         Rnd*Tele +     (no boots)
MR     +....                    k - amulet of inaccuracy (curse)
Stlth  ++........               h - ring of teleportation (curse)
                                f - ring of protection from magic

@: somewhat resistant to hostile enchantments, unstealthy
A: no striking features
a: Evoke Teleportation


You were on level 2 of the Dungeon.
You were hungry.

You visited 1 branch of the dungeon, and saw 2 of its levels.

You collected 57 gold pieces.

Inventory:

Armour
 a - a +0 robe (worn)
Jewellery
 f - a ring of protection from magic (left hand)
 g - an uncursed amulet of warding {unknown}
 h - a cursed ring of teleportation (right hand)
 k - a cursed amulet of inaccuracy (around neck)
Scrolls
 n - a scroll of identify
 o - a scroll of fear {unknown}
Potions
 e - a potion of cancellation {unknown}
 i - a potion of curing
 j - a potion of lignification {unknown}
 m - a potion of resistance {unknown}
Books
 b - a book of Conjurations

   Spells                             Type                      Level
   a - Magic Dart                     Conjuration                  1
   b - Searing Ray                    Conjuration                  2
   c - Dazzling Spray                 Conjuration/Hexes            3
   d - Fulminant Prism                Conjuration/Hexes            4
   e - Iskenderun's Mystic Blast      Conjuration                  4
   f - Iskenderun's Battlesphere      Conjuration/Charms           5
Comestibles
 c - a bread ration
 d - 2 fruits
 l - a beef jerky
 p - a chunk of flesh


   Skills:
 - Level 2.4 Dodging
 - Level 2.4 Stealth
 - Level 3.0 Spellcasting
 + Level 6.7 Conjurations


You had 6 spell levels left.
You knew the following spells:

 Your Spells              Type           Power        Failure   Level  Hunger
a - Magic Dart            Conj           ####         1%          1    None
b - Searing Ray           Conj           ####..       1%          2    ##.....


Dungeon Overview and Level Annotations

Branches:
Dungeon (2/15)

Altars:
Cheibriados

Annotations:
D:2 Natasha


Message History

The magic dart hits Natasha.
Natasha is almost dead.
Natasha mumbles some strange words.
Natasha mumbles some strange words.
Natasha mumbles some strange words.
Natasha glows brightly for a moment.
Natasha casts a spell.
Found 22 stones.
Items here: ( )) † a club; a hunting sling; 22 stones; a goblin corpse The crimson imp blinks!
Your magical contamination has completely faded away.
You barely miss Natasha.
Natasha is severely wounded.
The crimson imp blinks!
Natasha closely misses you.
You completely miss Natasha.
Natasha is severely wounded.
Natasha casts a spell at you. The magic dart hits you!
You die...

..........###.
#..#
........#####.
#(.#
..............
#§..
........######
...# #...###.#
.5. ..# #.##
#5# . #..#
###h##
##.#####
#..@.# #...#..
#..§)# ###.#.#
#....# #..[#
#....# #..##
#......# #.##
##....## ###
#....# #....#
#....#


You could see Natasha, a crimson imp and a shadow imp.

Vanquished Creatures
  Jessica (D:2)
  3 adders (D:1)
  2 gnolls
  A worm (D:2)
  A giant gecko (D:1)
  12 bats
  3 giant cockroaches (D:1)
  5 goblins
  2 hobgoblins
  4 kobolds (D:1)
  4 giant newts (D:1)
  A jackal zombie (D:2)
  A quokka skeleton (D:2)
  4 rats (D:1)
44 creatures vanquished.

Notes
Turn   | Place    | Note
--------------------------------------------------------------
     0 | D:1      | Monkaria the Deep Elf Conjurer began the quest for the Orb.
     0 | D:1      | Reached XP level 1. HP: 10/10 MP: 6/6
   341 | D:1      | Reached XP level 2. HP: 15/15 MP: 6/8
   413 | D:1      | Reached skill level 5 in Conjurations
   765 | D:1      | Learned a level 2 spell: Searing Ray
   935 | D:1      | Reached XP level 3. HP: 19/19 MP: 3/9
  1028 | D:2      | Noticed Jessica
  1281 | D:1      | Reached skill level 6 in Conjurations
  1314 | D:1      | Reached XP level 4. HP: 12/24 MP: 4/10
  1651 | D:2      | Found a snail-covered altar of Cheibriados.
  1742 | D:2      | Killed Jessica
  1750 | D:2      | Noticed Natasha
  1761 | D:2      | Killed from afar by Natasha

Vault maps used:
D:1:      dpeg_arrival_round_c, minmay_misc_feat_doors
D:2:      nicolae_overflow_crystal_walls, fedhas_altar_1, ecumenical_altar_2,
          serial_undead, serial_undead_c, serial_undead_c, serial_undead_a,
          serial_undead_b, serial_undead_a, serial_undead_f,
          yredelemnul_altar_generic, uniq_sigmund, uniq_natasha, uniq_jessica

Action                   |  1- 3 |  4- 6 || total
-------------------------+-------+-------++-------
Melee: Unarmed           |     1 |     2 ||     3
 Cast: Magic Dart        |    60 |    16 ||    76
       Searing Ray       |     3 |     4 ||     7
  Use: Scroll            |     1 |       ||     1
  Eat: Chunk             |     1 |     1 ||     2
